 Dungeon Crawl Stone Soup version 0.21.1-1-g345015fe64 (webtiles) character file.

35 Lusmu the Grave Robber (level 3, -1/19 HPs)
             Began as a Tengu Necromancer on Apr 21, 2018.
             Slain by an ooze (2 damage)
             ... on level 2 of the Dungeon on Apr 22, 2018.
             The game lasted 00:05:40 (1097 turns).

Lusmu the Grave Robber (Tengu Necromancer)          Turns: 1097, Time: 00:05:41

Health: -1/19      AC:  5    Str:  9    XL:     3   Next: 35%
Magic:  5/8        EV: 12    Int: 15    God:
Gold:   20         SH:  0    Dex: 14    Spells: 5/7 levels left

rFire    . . .     SeeInvis .   f - +0 dagger
rCold    . . .     Gourm    .   (no shield)
rNeg     . . .     Faith    .   a - +1 robe
rPois    .         Spirit   .   m - +2 hat
rElec    .         Reflect  .   (no cloak)
rCorr    .         Harm     .   (no gloves)
MR       .....                  (boots unavailable)
Stlth    ++........             (no amulet)
HPRegen  0.06/turn              (no ring)
MPRegen  0.11/turn              (no ring)

@: no status effects
A: beak, talons 3
a: no special abilities


You were on level 2 of the Dungeon.
You were hungry.

You visited 1 branch of the dungeon, and saw 2 of its levels.

You collected 20 gold pieces.

Inventory:

Hand Weapons
 f - a +0 dagger (weapon)
Missiles
 e - 10 stones (quivered)
Armour
 a - a +1 robe (worn)
 m - a +2 hat (worn)
Scrolls
 g - a scroll of remove curse {unknown}
 h - a scroll of amnesia {unknown}
 j - a scroll of magic mapping
 k - a scroll of enchant armour
 l - a scroll of fog {unknown}
 n - a scroll of blinking {unknown}
Books
 b - a book of Necromancy

   Spells                             Type                      Level
   a - Pain                           Necromancy                   1
   b - Animate Skeleton               Necromancy                   1
   c - Vampiric Draining              Necromancy                   3
   d - Regeneration                   Charms/Necromancy            3
   e - Animate Dead                   Necromancy                   4
   f - Borgnjor's Vile Clutch         Necromancy/Earth             5
Comestibles
 c - 4 rations
 d - 4 chunks of flesh


   Skills:
 - Level 2.1 Dodging
 - Level 2.0 Stealth
 * Level 2.8 Spellcasting
 * Level 5.0 Necromancy


You had 5 spell levels left.
You knew the following spells:

 Your Spells              Type           Power        Failure   Level  Hunger
a - Pain                  Necr           ###.         2%          1    #......
b - Animate Skeleton      Necr           N/A          2%          1    #......


Dungeon Overview and Level Annotations

Branches:
Dungeon (2/15)

Altars:


Innate Abilities, Weirdness & Mutations

You have a beak for a mouth.
You have claws for feet.


Message History

Your hobgoblin skeleton hits the dart slug but does no damage.
You hit the dart slug but do no damage. You claw the dart slug.
The dart slug is moderately wounded.
Your hobgoblin skeleton hits the dart slug but does no damage.
The dart slug misses you.
You hit the dart slug but do no damage.
You claw the dart slug, but do no damage.
The dart slug is moderately wounded.
Your hobgoblin skeleton hits the dart slug.
You hit the dart slug. You peck the dart slug.
The dart slug is severely wounded.
The dart slug completely misses you.
Your hobgoblin skeleton hits the dart slug.
Casting: Animate Skeleton
Confirm with . or Enter, or press ? or * to list all spells.
Aiming: Pain
Press: ? - help, Shift-Dir - straight line, f - ooze, p - dart slug
Aim: an ooze (chance to defeat MR: 76%)
The ooze writhes in agony!
The ooze hits you.
You die...

....................
.........#.#.#.#.#.#
....##..#.#.#.#.#.####
......>...............
.#.#...#.#.#.#.#.####
..#.#.#...#.#..<..#.#
..<....Z..#.#######.#
..###.#w#.#.. .# ..
#@#.### ## ..# #J#.#
.. ..#.# . #.....
...... ##.... #....
#.....


You could see an ooze, a dart slug and a friendly hobgoblin skeleton.

Vanquished Creatures
  An adder (D:2)
  A worm (D:2)
  2 dart slugs (D:1)
  3 bats (D:1)
  A giant cockroach (D:1)
  4 goblins (D:1)
  3 hobgoblins
  A frilled lizard (D:1)
  A kobold (D:1)
  3 rats (D:1)
20 creatures vanquished.

Notes
Turn   | Place    | Note
-------+----------+-------------------------------------------
     0 | D:1      | Lusmu the Tengu Necromancer began the quest for the Orb.
     0 | D:1      | Reached XP level 1. HP: 10/10 MP: 4/4
   250 | D:1      | Reached XP level 2. HP: 14/15 MP: 6/6
  1048 | D:1      | Learned a level 1 spell: Animate Skeleton
  1061 | D:2      | Reached XP level 3. HP: 19/19 MP: 7/7
  1064 | D:2      | Reached skill level 5 in Necromancy
  1097 | D:2      | Slain by an ooze

Skill      XL: |  1  2  3 |
---------------+----------+-----
Necromancy     | 5 |  5.0
Dodging        | |  2.1
Stealth        | |  2.0
Spellcasting   | |  2.8

Action                   || total
-------------------------++-------
Melee: Dagger            ||    71
       Kick              ||    17
       Peck              ||     8
 Cast: Pain              ||    12
       Animate Skeleton  ||     1
  Use: Scroll            ||     2
 Stab: Sleeping          ||     1
Armor: Robe              ||    26
Dodge: Dodged            ||    52
